 Dungeon Crawl Stone Soup version 0.28.0-45-g0d030f2227 (webtiles) character file.

Game seed: 7854743390237977711

3 zeratav the Digger (level 1, 0/11 HPs)
             Began as a Gargoyle Earth Elementalist on Apr 5, 2022.
             Slain by a quokka (3 damage)
             ... on level 1 of the Dungeon.
             The game lasted 00:00:27 (57 turns).

zeratav the Digger (Gargoyle Earth Elementalist)      Turns: 57, Time: 00:00:28

Health: 0/11       AC:  4    Str: 11    XL:     1   Next: 50%
Magic:  2/3        EV: 11    Int: 15    God:
Gold:   10         SH:  0    Dex: 10    Spells: 3/4 levels left

rFire   . . .      SeeInvis .   (no weapon)
rCold   . . .      Faith    .   (no shield)
rNeg    + . .      Spirit   .   b - +0 robe
rPois   ∞          Reflect  .   (no helmet)
rElec   +          Harm     .   (no cloak)
rCorr   .          Rampage  .   (no gloves)
Will    .....                   (no boots)
Stlth   ++........              (no amulet)
HPRegen 0.03/turn               (no ring)
MPRegen 0.08/turn               (no ring)

@: no status effects
A: sickness immunity, AC +2, negative energy resistance 1, electricity
resistance, torment resistance 1, petrification resistance
a: no special abilities


You were on level 1 of the Dungeon.
You visited 1 branch of the dungeon, and saw 1 of its levels.

You collected 10 gold pieces.

Inventory:

Missiles
 c - 27 stones
Armour
 b - a +0 robe (worn)


   Skills:
 * Level 0.4 Fighting
 - Level 1.5 Dodging
 - Level 2.1 Stealth
 + Level 2.0 Spellcasting
 - Level 0.7 Transmutations
 * Level 3.7 Earth Magic


You had 3 spell levels left.
You knew the following spells:

 Your Spells              Type           Power      Damage    Failure   Level
a - Sandblast             Erth           24%        2d8       4%          1

Your spell library contained the following spells:

 Spells                   Type           Power      Damage    Failure   Level
 Passwall                 Tmut/Erth      6%         N/A       13%         2
 Stone Arrow              Conj/Erth      14%        3d7       30%         3
 Ignite Poison            Fire/Tmut/Pois 2%         N/A       52%         3
 Mephitic Cloud           Conj/Pois/Air  1%         N/A       54%         3
 Petrify                  Tmut/Erth      8%         N/A       65%         4
 Freezing Cloud           Conj/Ice/Air   0%         6-21      99%         5


Dungeon Overview and Level Annotations

Branches:
Dungeon (1/15)

Altars:


Innate Abilities, Weirdness & Mutations

You are immune to sickness and miasma.
Your stone body is resilient. (AC +2)
You are immune to poison.
You resist negative energy. (rN+)
You are resistant to electric shocks. (rElec)
You are resistant to unholy torment.
You are immune to petrification.


Message History

The quokka bites you but does no damage.
You hit the quokka but do no damage.
The quokka is almost dead.
The quokka bites you.
You miss the quokka.
The quokka is almost dead.
The quokka bites you but does no damage.
You hit the quokka but do no damage.
The quokka is almost dead.
The quokka closely misses you. The quokka barely misses you.
You barely miss the quokka.
The quokka is almost dead.
The quokka bites you.
* * * LOW HITPOINT WARNING * * *
You are too injured to fight recklessly!
You are too injured to fight recklessly!
You are too injured to fight recklessly!
You are too injured to fight recklessly!
You are too injured to fight recklessly!
You are too injured to fight recklessly!
You are too injured to fight recklessly!
You are too injured to fight recklessly!
You are too injured to fight recklessly!
You are too injured to fight recklessly!
You are too injured to fight recklessly!
You are too injured to fight recklessly!
You are too injured to fight recklessly!
You hit the quokka but do no damage.
The quokka is almost dead.
The quokka misses you.
You closely miss the quokka.
The quokka is almost dead.
The quokka barely misses you.
You closely miss the quokka.
The quokka is almost dead.
The quokka barely misses you.
You miss the quokka.
The quokka is almost dead.
The quokka bites you.
You die...

. ##########....... .
#..................
.#####..................
........................
........................
........................
........................
..#.##.........)......#
...###..........@r....#
''## #........#.......#
...###.......##.......#
...#.......#.##.......#
...#....###..##.......#
.#.#..... ..##........#
.#.#......... ........#
...#.##. ...###.......#
...#. ..##


You could see a quokka.

Vanquished Creatures
  A goblin (D:1)
  A kobold (D:1)
  A rat (D:1)
3 creatures vanquished.

Notes
Turn   | Place    | Note
-------+----------+-------------------------------------------
     0 | D:1      | zeratav the Gargoyle Earth Elementalist began the quest for
                  | the Orb.
     0 | D:1      | Reached XP level 1. HP: 10/10 MP: 3/3
    57 | D:1      | Slain by a quokka

Illustrated notes

Levels and vault maps discovered:
D:1:      lemuel_arrival_behind_the_door_large, layout_rooms,
          hellmonk_ecumenical_altar_heavens_door, kennysheep_boxes

Action                   || total
-------------------------++-------
Melee: Unarmed           ||    25
       Punch             ||     1
 Cast: Sandblast         ||     3
Armor: Robe              ||     6
Dodge: Dodged            ||    20
